 Dungeon Crawl Stone Soup version 0.28-a0-1505-g8c907de6ad (webtiles) character file.

Game seed: 18019225916330995248

1012 funkygono the Firebug (level 8, -6/52 HPs)
             Began as a Human Fire Elementalist on Jan 13, 2022.
             Mangled by a gnoll sergeant (10 damage)
             ... on level 5 of the Dungeon.
             The game lasted 00:09:32 (5972 turns).

funkygono the Firebug (Human Fire Elementalist)     Turns: 5972, Time: 00:09:33

Health: -6/52      AC:  8    Str:  9    XL:     8   Next: 45%
Magic:  16/16      EV: 12    Int: 17    God:
Gold:   164        SH:  0    Dex: 14    Spells: 8/18 levels left

rFire   . . .      SeeInvis +   d - +4 short sword
rCold   . . .      Faith    .   (no shield)
rNeg    + . .      Spirit   .   s - +2 leather armour {rN+}
rPois   .          Reflect  .   t - +2 helmet {SInv}
rElec   .          Harm     .   (no cloak)
rCorr   .          Rampage  .   (no gloves)
Will    .....                   (no boots)
Stlth   ++........              (no amulet)
HPRegen 0.17/turn               (no ring)
MPRegen 0.15/turn               (no ring)

@: no status effects
A: no striking features
a: no special abilities


You were on level 5 of the Dungeon.
You visited 1 branch of the dungeon, and saw 5 of its levels.

You collected 254 gold pieces.
You spent 90 gold pieces at shops.

Inventory:

Hand Weapons
 d - a +4 short sword (weapon)
 f - a +0 short sword
 p - a +1 falchion
Missiles
 e - a throwing net
 i - 57 stones
Armour
 a - a +0 robe
 g - a +0 leather armour
 j - an orb of mayhem
 m - a +0 helmet
 n - a +2 helmet
 s - a +2 leather armour of positive energy (worn)
 t - a +2 helmet of see invisible (worn)
Scrolls
 k - 3 scrolls of identify
 o - 2 scrolls of enchant armour
Potions
 c - a potion of brilliance
 h - a potion of curing
 l - a potion of might {unknown}
 q - a potion of flight {unknown}
 u - a potion of magic {unknown}


   Skills:
 + Level 0.2 Armour
 + Level 2.2 Dodging
 - Level 2.0 Stealth
 * Level 5.5 Spellcasting
 * Level 3.7 Conjurations
 * Level 6.8 Fire Magic


You had 8 spell levels left.
You knew the following spells:

 Your Spells              Type           Power      Damage    Failure   Level
a - Foxfire               Conj/Fire      88%        2x1d8     2%          1
b - Scorch                Fire           54%        2d8       1%          2
c - Conjure Flame         Conj/Fire      22%        6-21      6%          3
d - Flame Wave            Conj/Fire      22%        2d6       22%         4

Your spell library contained the following spells:

 Spells                   Type           Power      Damage    Failure   Level
 Inner Flame              Hex/Fire       16%        N/A       14%         3
 Summon Cactus Giant      Summ           2%         N/A       100%        6


Dungeon Overview and Level Annotations

Branches:
Dungeon (5/15)
 Temple: D:4-7

Altars:
Ashenzari
Gozag

Shops:
D:1 ?   D:4 *   D:5 (

Annotations:
D:4 3 runed translucent doors, ma3's ghost, amateur DrTm


Message History

The centaur zombie hits you. The centaur zombie barely misses you.
The gnoll sergeant hits you from afar with a +1 vampiric spear!
Casting: Foxfire (safe; 2% risk of failure)
Confirm with . or Enter, or press ? or * to list all spells.
You conjure some foxfire!
The foxfire hits the gnoll sergeant but does no damage.
The gnoll sergeant is lightly wounded.
The foxfire hits the centaur zombie.
You destroy the centaur zombie!
The gnoll sergeant closely misses you.
Casting: Foxfire (safe; 2% risk of failure)
Confirm with . or Enter, or press ? or * to list all spells.
You conjure some foxfire!
The foxfire hits the gnoll sergeant but does no damage.
The gnoll sergeant is lightly wounded.
The foxfire hits the gnoll sergeant.
The gnoll sergeant is moderately wounded.
The gnoll sergeant hits you from afar with a +1 vampiric spear.
* * * LOW HITPOINT WARNING * * *
The gnoll sergeant draws strength from your wounds!
The foxfire hits the gnoll sergeant but does no damage.
The gnoll sergeant is lightly wounded.
The foxfire hits the gnoll sergeant but does no damage.
The gnoll sergeant is lightly wounded.
Okay, then.
The gnoll sergeant hits you from afar with a +1 vampiric spear.
* * * LOW HITPOINT WARNING * * *
The gnoll sergeant hits you but does no damage.
An orc warrior comes into view. It is wielding a +0 scimitar.
The orc warrior misses you.
You feel much better.
The orc warrior hits you with a +0 scimitar!
* * * LOW HITPOINT WARNING * * *
The orc warrior hits you with a +0 scimitar!
* * * LOW HITPOINT WARNING * * *
There is an open door here.
The gnoll sergeant hits you from afar with a +1 vampiric spear!
* * * LOW HITPOINT WARNING * * *
The gnoll sergeant hits you from afar with a +1 vampiric spear!
You die...

#..########.#.#.##.........##..##
##.########.#.#.##.........##....
......................>##......##
#######....#...####.##.#####..?#.
. #......#...####.##.........#.
######.'...................#.
#.#..g.###.#######.#..#.
#.#....###'#######....##
#<##+#o@........##.#....
#.##..##........##.###.#
#####.##........##.###.#
#..#........####....
######.#...........#.###
#....#.#.............#..
#....#.#.............#..
#....#.#..........###...
#.................#⌠.##+


You could see an orc warrior and a gnoll sergeant.

Vanquished Creatures
  Eustachio (D:4)
  A necrophage (D:4)
  An ogre (D:4)
  A gnoll sergeant (D:5)
  A scorpion (D:5)
  A killer bee (D:5)
  A centaur zombie (D:5)
  A hound (D:4)
  2 jellies
  Natasha (thrice) (D:2)
  3 iguanas
  2 orc wizards (D:3)
  A hound skeleton (D:4)
  Robin (D:4)
  A howler monkey skeleton (D:4)
  9 adders
  An adder skeleton (D:4)
  A worm (D:3)
  3 dart slugs
  7 orcs
  3 ball pythons
  3 bats
  6 endoplasms
  3 giant cockroaches
  13 goblins
  7 hobgoblins
  7 jackals
  7 kobolds
  3 quokkas (D:4)
  5 rats
99 creatures vanquished.

Vanquished Creatures (others)
  374 foxfires
374 creatures vanquished.

Grand Total: 473 creatures vanquished

Notes
Turn   | Place    | Note
-------+----------+-------------------------------------------
     0 | D:1      | funkygono the Human Fire Elementalist began the quest for
                  | the Orb.
     0 | D:1      | Reached XP level 1. HP: 13/13 MP: 3/3
   164 | D:1      | Reached XP level 2. HP: 19/19 MP: 1/5
   167 | D:1      | Learned a level 2 spell: Scorch
   618 | D:1      | Found Kiorphot's Magic Scroll Boutique.
   676 | D:1      | Reached XP level 3. HP: 24/24 MP: 3/6
  1280 | D:2      | Reached skill level 4 in Fire Magic
  1369 | D:2      | Reached XP level 4. HP: 27/30 MP: 2/7
  1635 | D:2      | Noticed Natasha
  1639 | D:2      | Killed Natasha
  1833 | D:2      | Noticed Natasha
  1839 | D:2      | Killed Natasha
  1840 | D:2      | Reached XP level 5. HP: 32/35 MP: 2/9
  1947 | D:2      | Found a faded altar of an unknown god.
  1956 | D:2      | Noticed Natasha
  1959 | D:2      | Killed Natasha
  2810 | D:1      | Bought a scroll of enchant armour for 90 gold pieces
  2820 | D:1      | Learned a level 3 spell: Conjure Flame
  2825 | D:1      | Learned a level 4 spell: Flame Wave
  2976 | D:3      | Reached XP level 6. HP: 41/41 MP: 8/11
  3789 | D:4      | Reached skill level 5 in Fire Magic
  3943 | D:4      | Noticed Eustachio
  4044 | D:4      | Killed Eustachio
  4045 | D:4      | Reached XP level 7. HP: 44/46 MP: 0/13
  4265 | D:4      | Reached skill level 5 in Spellcasting
  4523 | D:4      | Found an opulent altar of Gozag.
  4840 | D:4      | Noticed Robin
  4855 | D:4      | Killed Robin
  4859 | D:4      | Reached skill level 6 in Fire Magic
  5113 | D:4      | Found Mugoroc's Assorted Antiques.
  5136 | D:4      | Found a runed translucent gate.
  5141 | D:4      | Found a runed translucent gate.
  5141 | D:4      | Noticed ma3's ghost (amateur DrTm)
  5142 | D:4      | Found a runed translucent gate.
  5228 | D:5      | Entered Level 5 of the Dungeon
  5270 | D:5      | Reached XP level 8. HP: 52/52 MP: 11/15
  5344 | D:5      | Found a broken altar of Ashenzari.
  5440 | D:5      | Found Oluekk's Weapon Emporium.
  5972 | D:5      | Mangled by a gnoll sergeant

Illustrated notes

Levels and vault maps discovered:
D:1:      ncdulo_wetmaze, layout_basic, serial_shops, shop
D:2:      wad_crossroads, layout_basic, hellmonk_ecumenical_altar_heavens_door,
          chequers_serial_rivers_large_a, uniq_natasha
D:3:      layout_loops_ring
D:4:      layout_loops_cross, grunt_gozag_breadcrumbs, serial_shops,
          nicolae_shop_competitors_out_of_business,
          gammafunk_ghost_nasty_kobolds, kennysheep_diamond, uniq_eustachio,
          uniq_robin
D:5:      layout_basic, evilmike_ruin_ashenzari, minmay_temple_entry_fiery,
          serial_shops, nicolae_shop_temple_entry_statues_fountains,
          palyth_stone_intersect, chequers_serial_rivers_small_3,
          corexii_item_surrounded_by_moat, minmay_manual_mess

Skill      XL: |  1  2  3  4  5  6  7 |
---------------+----------------------+-----
Fire Magic     | 4 5 6 |  6.8
Spellcasting   | 3 4 5 |  5.5
Conjurations   | 2 3 |  3.7
Armour         | |  0.2
Dodging        | |  2.2
Stealth        | |  2.0

Action                   |  1- 3 |  4- 6 |  7- 9 || total
-------------------------+-------+-------+-------++-------
Melee: Short sword       |     4 |       |     4 ||     8
       Falchion          |       |     4 |       ||     4
 Cast: Foxfire           |    49 |    83 |    80 ||   212
       Scorch            |     5 |    21 |    12 ||    38
  Use: Scroll            |       |     5 |     4 ||     9
       Potion            |       |       |     1 ||     1
Armor: Robe              |     5 |     3 |       ||     8
       Leather armour    |       |       |    14 ||    14
Dodge: Dodged            |    17 |     8 |    15 ||    40

Table legend: (Time is in decaauts)
 A = Elapsed time spent in this place.
 B = Non-inter-level travel time spent in this place.
 C = Inter-level travel time spent in this place.
 D = Time resting spent in this place.
 E = Time spent auto-exploring this place.
 F = Levels seen in this place.
 G = Mean time per level.
                   A        B        C        D        E       F      G
               +--------+--------+--------+--------+--------+-----+--------+
         Total |   5988 |   5797 |    191 |    271 |   4661 |   5 | 1197.6 |
       Dungeon |   5988 |   5797 |    191 |    271 |   4661 |   5 | 1197.6 |
               +--------+--------+--------+--------+--------+-----+--------+

Top non-repeatable levels by time:
     D:2: 1686 daAuts
     D:4: 1467 daAuts
     D:1: 1191 daAuts
     D:3: 896 daAuts
     D:5: 746 daAuts
